 Dungeon Crawl Stone Soup version 0.19-a0-1912-g48530cd (webtiles) character file.

988 Firecrotchwizard the Conjurer (level 7, -1/36 HPs)
             Began as a Deep Elf Conjurer on Dec 16, 2016.
             Slain by an ogre
             ... wielding a +0 giant club
              (8 damage)
             ... on level 6 of the Dungeon.
             The game lasted 00:16:45 (5847 turns).

Firecrotchwizard the Conjurer (Deep Elf Conjurer)   Turns: 5847, Time: 00:16:45

Health: -1/36      AC:  2    Str:  7    XL:     7   Next: 97%
Magic:  3/17       EV: 16    Int: 26    God:
Gold:   258        SH:  3    Dex: 15    Spells: 5/17 levels left

rFire  . . .     SeeInvis .     F - +0 quarterstaff
rCold  . . .     Faith    .     a - +0 robe
rNeg   . . .     Spirit   .     (shield currently unavailable)
rPois  .         Reflect  +     (no helmet)
rElec  .                        (no cloak)
rCorr  .                        (no gloves)
MR     .....                    (no boots)
Stlth  +++.......               D - +3 amulet of reflection
                                z - ring of stealth
                                i - +6 ring of intelligence

@: very slightly contaminated
A: no striking features
a: no special abilities


You were on level 6 of the Dungeon.
You were not hungry.

You visited 2 branches of the dungeon, and saw 7 of its levels.

You collected 258 gold pieces.

Inventory:

Hand Weapons
 c - a +0 hand axe
 d - a +0 club
 r - a +0 mace
 F - a +0 quarterstaff (weapon)
Armour
 a - a +0 robe (worn)
Jewellery
 i - a +6 ring of intelligence (left hand)
 u - an uncursed ring of ice
 z - a ring of stealth (right hand)
 A - an uncursed ring of fire
 D - a +3 amulet of reflection (around neck)
Wands
 p - a wand of slowing (32/48)
 G - a wand of acid (4/15)
 H - a wand of flame (32/48)
Scrolls
 e - 2 scrolls of amnesia
 h - 2 scrolls of teleportation
 l - 3 scrolls of remove curse
 o - 3 scrolls of identify
 q - a scroll of recharging
 t - 2 scrolls of immolation {unknown}
 v - 2 scrolls of fear {unknown}
 w - a scroll of fog {unknown}
 y - a scroll of enchant weapon {unknown}
Potions
 f - a potion of beneficial mutation {unknown}
 g - a potion of ambrosia {unknown}
 j - 4 potions of curing
 k - 2 potions of brilliance {unknown}
 m - 2 potions of haste {unknown}
 n - a potion of mutation {unknown}
 x - a potion of lignification {unknown}
 C - a potion of might {unknown}
 E - a potion of magic {unknown}
Books
 b - a book of Conjurations

   Spells                             Type                      Level
   a - Magic Dart                     Conjuration                  1
   b - Searing Ray                    Conjuration                  2
   c - Dazzling Spray                 Conjuration/Hexes            3
   d - Fulminant Prism                Conjuration/Hexes            4
   e - Iskenderun's Mystic Blast      Conjuration                  4
   f - Iskenderun's Battlesphere      Conjuration/Charms           5
 s - a book of Air

   Spells                             Type                      Level
   a - Shock                          Conjuration/Air              1
   b - Swiftness                      Charms/Air                   2
   c - Repel Missiles                 Charms/Air                   2
   d - Static Discharge               Conjuration/Air              3
   e - Lightning Bolt                 Conjuration/Air              5
 B - a book of Fire

   Spells                             Type                      Level
   a - Ignite Poison                  Fire/Transmutation/Poison    3
   b - Fireball                       Conjuration/Fire             5
   c - Bolt of Fire                   Conjuration/Fire             6
   d - Delayed Fireball               Conjuration/Fire             7
   e - Ring of Flames                 Charms/Fire                  7


   Skills:
 + Level 5.9 Dodging
 - Level 2.4 Stealth
 + Level 5.9 Spellcasting
 * Level 7.6 Conjurations
 * Level 4.7 Charms
 + Level 1.5 Fire Magic


You had 5 spell levels left.
You knew the following spells:

 Your Spells              Type           Power        Failure   Level  Hunger
a - Magic Dart            Conj           ####         1%          1    None
b - Searing Ray           Conj           #####.       1%          2    None
c - Iskenderun's Mystic   Conj           #####...     3%          4    ###....
d - Iskenderun's Battles  Conj/Chrm      #####...     17%         5    #####..


Dungeon Overview and Level Annotations

Branches:
Dungeon (6/15)             Temple (1/1) D:6
   Lair: D:-1         Crypt: Vaults:-1     Tomb: Vaults:-1

Altars:
Ashenzari
Cheibriados
Dithmenos
Elyvilon
Fedhas
Gozag
Hepliaklqana
Kikubaaqudgha
Nemelex Xobeh
Okawaru
Qazlal
Ru
Sif Muna
Trog
Xom
Yredelemnul
The Shining One


Message History

Aiming: Magic Dart
Press: ? - help, Shift-Dir - straight line, f/p - ogre
Aim: an ogre, wielding a giant club (severely wounded)
The magic dart hits the ogre.
The ogre is severely wounded.
Casting: Magic Dart
Confirm with . or Enter, or press ? or * to list all spells.
Aiming: Magic Dart
Press: ? - help, Shift-Dir - straight line, f/p - ogre
Aim: an ogre, wielding a giant club (severely wounded)
The magic dart hits the ogre.
The ogre is severely wounded.
The ogre hits you with a giant club (31)!!
Ouch! That really hurt!
* * * LOW HITPOINT WARNING * * *
Casting: Magic Dart
Confirm with . or Enter, or press ? or * to list all spells.
You don't have enough magic to cast that spell.
The ogre hits you with a giant club (8)!
You die...

#...............................
#####################.#.#####...
.............# .#.#..#
############.####+#.#.##.##
...#########.#......#.##..#
..........##.#......#.###.###+###
...######.##.#......#.# #..#..[..
...# #.##.#......#.# ##(#.....
...# #.##.#..@...#.# #.#.....
...# #.##.#..O...#.# #.#.....
#### #.##.#....(.#.# #.......
#.##.##....<..# ##......
#.##.#....#########......
#.##.#................###
#.##.#....##########.##
#########.##.#....#....#####..
........†.##.#....#........##.#


You could see an ogre.

Vanquished Creatures
  2 centaurs
  A water moccasin skeleton (D:4)
  A howler monkey (D:3)
  3 crimson imps
  An orc priest (D:3)
  A centaur skeleton (D:6)
  3 orc wizards
  Natasha (twice) (D:3)
  Terence (D:2)
  2 iguanas (D:4)
  6 worker ants
  A howler monkey skeleton (D:4)
  9 adders
  2 shadow imps (D:6)
  An ooze (D:1)
  2 adder skeletons (D:4)
  3 dart slugs
  3 leopard geckos
  13 orcs
  2 bats
  4 giant cockroaches
  6 goblins
  4 hobgoblins
  13 jackals
  10 kobolds
  6 frilled lizards
  A giant cockroach zombie (D:5)
  A leopard gecko skeleton (D:4)
  8 rats
112 creatures vanquished.

Notes
Turn   | Place    | Note
-------+----------+-------------------------------------------
     0 | D:1      | Firecrotchwizard the Deep Elf Conjurer began the quest for the Orb.
     0 | D:1      | Reached XP level 1. HP: 10/10 MP: 6/6
   211 | D:1      | Reached XP level 2. HP: 15/15 MP: 6/8
   325 | D:1      | Learned a level 2 spell: Searing Ray
   786 | D:2      | Reached XP level 3. HP: 19/19 MP: 6/9
   948 | D:2      | Noticed Terence
   953 | D:2      | Killed Terence
   953 | D:2      | Reached skill level 5 in Conjurations
  1170 | D:2      | Reached XP level 4. HP: 24/24 MP: 9/11
  1265 | D:2      | Learned a level 4 spell: Iskenderun's Mystic Blast
  1726 | D:3      | Reached XP level 5. HP: 23/28 MP: 0/13
  1914 | D:3      | Learned a level 5 spell: Iskenderun's Battlesphere
  1978 | D:3      | Reached skill level 6 in Conjurations
  2039 | D:3      | Noticed Natasha
  2047 | D:3      | Killed Natasha
  2508 | D:3      | Noticed Natasha
  2512 | D:3      | Killed Natasha
  2512 | D:3      | Reached XP level 6. HP: 32/32 MP: 10/15
  2933 | D:4      | Reached skill level 1 in Charms
  2941 | D:4      | Reached skill level 5 in Spellcasting
  3104 | D:4      | Reached skill level 5 in Dodging
  3553 | D:4      | Reached XP level 7. HP: 36/36 MP: 13/16
  3836 | D:4      | Found a snail-covered altar of Cheibriados.
  4118 | D:5      | Entered Level 5 of the Dungeon
  4121 | D:5      | Found a shadowy altar of Dithmenos.
  4862 | D:5      | Reached skill level 7 in Conjurations
  5093 | D:6      | Reached skill level 1 in Fire Magic
  5552 | D:6      | Found a staircase to the Ecumenical Temple.
  5656 | Temple   | Entered the Ecumenical Temple
  5847 | D:6      | Slain by an ogre

Vault maps used:
D:1:      minmay_arrival_open_corners
D:2:      first_bread, minmay_pentomino_o2, uniq_terence
D:3:      uniq_natasha
D:4:      old_standard_altar
D:5:      nicolae_dithmenos_shadow_blocks
D:6:      eino_curves_01, nemelex_spade_bored_becter
Temple:   regret_index_temple_sphere_string

Skill      XL: |  1  2  3  4  5  6  7 |
---------------+----------------------+-----
Dodging        | 3 4 5 |  5.9
Conjurations   | 5 6 7 |  7.6
Spellcasting   | 4 5 |  5.9
Charms         | 3 4 |  4.7
Fire Magic     | 1 |  1.5
Stealth        | |  2.4

Action                   |  1- 3 |  4- 6 |  7- 9 || total
-------------------------+-------+-------+-------++-------
Melee: Mace              |       |    10 |       ||    10
 Cast: Magic Dart        |    41 |   153 |    60 ||   254
       Searing Ray       |     1 |     6 |     7 ||    14
       Iskenderun's Myst |       |       |     2 ||     2
  Use: Scroll            |       |       |     6 ||     6
Armor: Robe              |       |     5 |       ||     5
Dodge: Dodged            |     1 |    21 |    24 ||    46
Block: Other             |       |       |     2 ||     2
       Reflection        |       |       |     1 ||     1
